 Dungeon Crawl Stone Soup version 0.29.1-2-gbd0b4ee654 (webtiles) character file.

Game seed: 17959052826954302888

565 kingsuperguy the Cleaver (level 7, -4/61 HPs)
             Began as a Hill Orc Monk on Nov 28, 2022.
             Was a Priest of Cheibriados.
             Slain by a kobold brigand
             ... wielding a +0 war axe
              (10 damage)
             ... in a bailey.
             The game lasted 00:07:24 (5736 turns).

kingsuperguy the Cleaver (Hill Orc Monk)            Turns: 5736, Time: 00:07:25

Health: -4/61      AC:  2    Str: 23    XL:     7   Next: 32%
Magic:  7/7        EV: 13    Int: 17    God:    Cheibriados [***...]
Gold:   179        SH:  0    Dex: 20    Spells: 6/6 levels left

rFire   . . .      SeeInvis .   u - +0 war axe
rCold   . . .      Faith    .   (no shield)
rNeg    . . .      Spirit   .   x - +0 ring mail
rPois   +          Reflect  .   (helmet restricted)
rElec   .          Harm     .   (no cloak)
rCorr   .          Rampage  .   (no gloves)
Will    .....      Clarity  +   (no boots)
Stlth   ++........              (no amulet)
HPRegen 0.20/turn               (no ring)
MPRegen 0.10/turn               (no ring)

@: mighty, lethally poisoned (-4 -> -5), very slow
A: horns 1, clarity, deformed body, poison resistance
a: Renounce Religion, Bend Time, Temporal Distortion


You were in a bailey.
You worshipped Cheibriados.
Cheibriados was most pleased with you.
You visited 1 branch of the dungeon, and saw 6 of its levels.
You also visited: Bailey.

You collected 179 gold pieces.

Inventory:

Hand Weapons
 a - a +0 hand axe
 u - a +0 war axe (weapon)
Missiles
 e - 4 javelins (quivered)
 m - 8 poisoned darts
Armour
 b - a +0 robe
 v - a +0 leather armour
 x - a +0 ring mail (worn)
Jewellery
 h - a ring of fire
 i - a ring of protection from cold
Scrolls
 d - 2 scrolls of identify {unknown}
 f - a scroll of silence {unknown}
 g - a scroll of fear {unknown}
 j - 3 scrolls of teleportation
 k - a scroll of immolation
 l - 2 scrolls of poison {unknown}
 w - a scroll of torment {unknown}
Potions
 c - a potion of invisibility {unknown}
 n - a potion of might
 o - 2 potions of flight {unknown}
 q - a potion of haste {unknown}
 s - a potion of berserk rage {unknown}
 t - a potion of attraction {unknown}
 z - a potion of curing {unknown}


   Skills:
 + Level 5.2 Fighting
 + Level 8.1 Axes
 + Level 1.0 Armour
 + Level 3.3 Dodging
 + Level 3.0 Stealth


You had 6 spell levels left.
You didn't know any spells.
Your spell library contained the following spells:

 Spells                   Type           Power      Damage    Failure   Level
 Freeze                   Ice            0%         1d3       36%         1
 Necrotise                Necr           0%         1d4       36%         1
 Sandblast                Erth           0%         2d4       36%         1
 Ensorcelled Hibernation  Hex/Ice        0%         N/A       50%         2
 Passwall                 Tmut/Erth      0%         N/A       50%         2
 Frozen Ramparts          Ice            0%         1d1       73%         3
 Gell's Gravitas          Tloc           0%         N/A       73%         3
 Lesser Beckoning         Tloc           0%         N/A       73%         3
 Stone Arrow              Conj/Erth      0%         3d7       73%         3
 Summon Guardian Golem    Hex/Summ       0%         N/A       73%         3
 Swiftness                Air            0%         N/A       73%         3
 Teleport Other           Tloc           0%         N/A       73%         3
 Hailstorm                Conj/Ice       0%         3d3       98%         4
 Ice Form                 Ice/Tmut       0%         N/A       98%         4
 Simulacrum               Ice/Necr       0%         N/A       100%        6
 Orb of Destruction       Conj           0%         9d5       100%        7
 Spellforged Servitor     Conj/Summ      0%         N/A       100%        7


Dungeon Overview and Level Annotations

Branches:
Dungeon (7/15)             Bailey (1/1)
 Temple: D:4-7

Altars:
Ashenzari
Cheibriados
Dithmenos
Kikubaaqudgha
Sif Muna
Vehumet
The Shining One

Shops:
D:2 =

Annotations:
D:3 1 runed translucent door, Barsook's ghost, amateur GrFi


Innate Abilities, Weirdness & Mutations

You have a pair of small horns on your head.
You possess an exceptional clarity of mind.
Armour fits poorly on your strangely shaped body.
Your system is resistant to poisons. (rPois)


Message History

The kobold brigand hits you with a +0 war axe.
You barely miss the kobold brigand.
The kobold brigand is moderately wounded.
You feel sick.
The kobold brigand hits you with a +0 war axe!
* * * LOW HITPOINT WARNING * * *
You slash the kobold brigand!
The kobold brigand is severely wounded.
You hit the kobold brigand.
You feel sick.
The kobold brigand hits you with a +0 war axe.
* * * LOW HITPOINT WARNING * * *
The kobold brigand barely misses you.
You feel very mighty all of a sudden. The kobold brigand barely misses you.
The kobold brigand closely misses you.
You hit the kobold brigand.
The kobold brigand is severely wounded.
You hit the kobold brigand. You miss the kobold.
You feel sick. The kobold brigand misses you. The kobold closely misses you.
The kobold brigand hits you with a +0 war axe.
* * * LOW HITPOINT WARNING * * *
It was a potion of mutation.
You feel extremely strange.
You feel resistant to poisons.
Your body twists and deforms.
A pair of horns grows on your head!
Your thoughts seem clearer.
You feel sick. The kobold brigand closely misses you. The kobold misses you.
The kobold brigand barely misses you.
It was a potion of heal wounds.
You feel much better.
The kobold brigand hits you with a +0 war axe!
The kobold misses you.
The kobold brigand hits you with a +0 war axe!
* * * LOW HITPOINT WARNING * * *
You barely miss the kobold brigand. You headbutt the kobold brigand.
The kobold brigand is almost dead.
You slash the kobold!
You kill the kobold!
Cheibriados appreciates the change of pace.
You slash the kobold brigand!
You feel sick.
The kobold brigand hits you with a +0 war axe!
* * * LOW HITPOINT WARNING * * *
The kobold brigand hits you with a +0 war axe!
You die...

.~~...K...~~K
~~.......~~
~.......~
....... .....
#...# #.).#
#.(K# #.K@#
##''(##
##..∩..##
#..()(..#
#...∩...#
##.....##
#######


You could see 2 kobold brigands.

Vanquished Creatures
  An ogre (D:4)
  A kobold brigand (Bailey)
  A necrophage (D:4)
  2 scorpions (D:5)
  2 hounds
  2 iguanas
  3 adders
  An ufetubus (D:5)
  3 worms
  4 dart slugs
  An orc (D:4)
  2 bats
  7 endoplasms
  3 giant cockroaches
  6 goblins
  8 hobgoblins
  4 jackals (D:1)
  9 kobolds
  6 quokkas
  8 ball pythons
  3 frilled lizards
  6 rats
83 creatures vanquished.

Vanquished Creatures (others)
  A fungus (D:2)
1 creature vanquished.

Grand Total: 84 creatures vanquished

Notes
Turn   | Place    | Note
-------+----------+-------------------------------------------
     0 | D:1      | kingsuperguy the Hill Orc Monk began the quest for the Orb.
     0 | D:1      | Reached XP level 1. HP: 19/19 MP: 1/1
    41 | D:1      | HP: 1/20 [frozen (2)]
    47 | D:1      | Reached XP level 2. HP: 14/27 MP: 2/2
  1538 | D:2      | Reached XP level 3. HP: 33/33 MP: 3/3
  1556 | D:2      | Found Cometuys's Jewellery Shoppe.
  1697 | D:2      | Found a faded altar of an unknown god.
  2319 | D:3      | Noticed Barsook's ghost (amateur GrFi)
  2319 | D:3      | Found a runed translucent door.
  2703 | D:3      | Reached skill level 5 in Axes
  2961 | D:3      | Found a broken altar of Ashenzari.
  3041 | D:3      | Found a snail-covered altar of Cheibriados.
  3265 | D:3      | Reached XP level 4. HP: 38/40 MP: 4/4
  3427 | D:3      | Became a worshipper of Cheibriados the Contemplative
  3427 | D:3      | Reached * piety under Cheibriados
  3427 | D:3      | Reached ** piety under Cheibriados
  3487 | D:3      | Found a shadowy altar of Dithmenos.
  3503 | D:3      | Found a glowing golden altar of the Shining One.
  4209 | D:4      | Reached XP level 5. HP: 28/47 MP: 5/5
  4351 | D:4      | Noticed an ogre
  4358 | D:4      | Killed an ogre
  4359 | D:4      | Reached skill level 6 in Axes
  4467 | D:4      | Reached XP level 6. HP: 40/53 MP: 6/6
  4754 | D:4      | Reached skill level 7 in Axes
  5102 | D:5      | Entered Level 5 of the Dungeon
  5252 | D:5      | Reached *** piety under Cheibriados
  5253 | D:5      | Reached skill level 5 in Fighting
  5253 | D:5      | Reached XP level 7. HP: 54/61 MP: 7/7
  5331 | D:5      | Found an ancient bone altar of Kikubaaqudgha.
  5341 | D:5      | Found a shimmering blue altar of Sif Muna.
  5342 | D:5      | Found a radiant altar of Vehumet.
  5345 | D:5      | Got Kikubaaqudgha's Collected Works on Black Mysteries
  5444 | D:5      | You fall into a shaft and drop 2 floors!
  5467 | D:7      | Found a flagged portal.
  5490 | Bailey   | Entered a bailey
  5649 | Bailey   | Reached skill level 8 in Axes
  5649 | Bailey   | Reached skill level 1 in Armour
  5734 | Bailey   | Gained mutation: Your system is resistant to poisons.
                  | (rPois) [potion of mutation]
  5734 | Bailey   | Gained mutation: Armour fits poorly on your strangely
                  | shaped body. [potion of mutation]
  5734 | Bailey   | Gained mutation: You have a pair of small horns on your
                  | head. [potion of mutation]
  5734 | Bailey   | Gained mutation: You possess an exceptional clarity of
                  | mind. [potion of mutation]
  5736 | Bailey   | Slain by a kobold brigand

Illustrated notes

Levels and vault maps discovered:
D:1:      arrival_zaba_pyramid, layout_basic
D:2:      mumra_celtic_spiral_tile, layout_basic,
          dreamdust_ecumenical_altar_hidden_monk_grotto, serial_shops, shop
D:3:      layout_loops_ring, mainiacjoe_overflow_boulevard,
          mainiacjoe_overflow_swirl, mainiacjoe_overflow_cross_hatched,
          ebering_ghost_inner_flame
D:4:      layout_rooms, minivault_1, kennysheep_generic_room_13
D:5:      layout_gridville, grunt_temple_overflow_magic_moments,
          nicolae_hepliaklqana_hippocampus, minitemple, uniq_blork_the_orc
D:7:      layout_basic, enter_bailey_5, serial_shops,
          nicolae_inconvenience_store
Bailey:   bailey_axe_3, bailey

Skill      XL: |  1  2  3  4  5  6  7 |
---------------+----------------------+-----
Fighting       | 4 5 |  5.2
Axes           | 5 6 7 8 |  8.1
Stealth        | 2 3 |  3.0
Dodging        | 3 |  3.3
Armour         | 1 |  1.0

Action                   |  1- 3 |  4- 6 |  7- 9 || total
-------------------------+-------+-------+-------++-------
Melee: Hand axe          |   152 |    71 |       ||   223
       Punch             |     4 |     1 |     1 ||     6
       War axe           |       |    25 |    31 ||    56
       Headbutt          |       |       |     1 ||     1
  Use: Potion            |     3 |       |     3 ||     6
       Scroll            |     1 |       |       ||     1
 Stab: Sleeping          |     8 |     2 |       ||    10
       Distracted        |     1 |       |       ||     1
Armor: Robe              |    25 |     7 |       ||    32
       Ring mail         |       |     3 |    13 ||    16
Dodge: Dodged            |   105 |    59 |    29 ||   193
